 Dungeon Sprint DCSS version 0.17-a0-2127-g1cb09f6 (webtiles) character file.

10734 Kidiri the Unseen (level 11, -8/42 HPs)
             Began as a Spriggan Enchanter on Oct 23, 2015.
             Was the Champion of Dithmenos.
             Killed from afar by an ice dragon (50 damage)
             ... with a blast of cold
             ... in the Dungeon (Sprint III: "The Ten Rune Challenge").
             The game lasted 00:12:01 (2529 turns).

Kidiri the Unseen (Spriggan Enchanter)              Turns: 2529, Time: 00:12:03

Health: -8/42      AC:  3    Str:  4    XL:     11   Next: 40%
Magic:  23/29      EV: 32    Int: 19    God:    Dithmenos [******]
Gold:   21         SH:  0    Dex: 18    Spells: 10 memorised, 3 levels left

rFire  . . .     SeeInvis +     a - +1 dagger
rCold  . . .     Clarity  .     b - +1 robe
rNeg   . . .     SustAt   .     (shield restricted)
rPois  .         Gourm    .     (helmet restricted)
rElec  .         Spirit   .     (no cloak)
rCorr  .         Warding  .     (gloves unavailable)
rMut   .         NoTele   +     (boots unavailable)
MR     +....                    (no amulet)
Stlth  ++++++++++               (no ring)
                                (no ring)

@: wreathed by umbra, very quick, somewhat resistant to hostile enchantments,
uncannily stealthy
A: unfitting armour, hooves 1, camouflage 1, see invisible, herbivore 3, speed
3, frail 1, slow metabolism 2
a: Shadow Step, Shadow Form, Renounce Religion


You were in the Dungeon.
You worshipped Dithmenos.
Dithmenos was exalted by your worship.
You were not hungry.

You visited 1 branch You collected 21 gold pieces.

Inventory:

Hand Weapons
 a - a +1 dagger (weapon)
 p - a +1 halberd
 u - a +0 blowgun
 w - a +0 quarterstaff
 y - a +0 blowgun
Missiles
 c - 10 throwing nets (quivered)
 v - 5 needles of paralysis
 A - 5 needles of frenzy
Armour
 b - a +1 robe (worn)
 t - a +2 chain mail of cold resistance
 x - a +0 robe
Wands
 q - a wand of polymorph (19)
Scrolls
 j - a scroll of blinking
 m - 2 scrolls of immolation {unknown}
 n - 2 scrolls of remove curse
 r - a scroll of torment
 s - a scroll of magic mapping {unknown}
Potions
 e - 2 potions of curing
 f - a potion of heal wounds
 g - a potion of haste
 h - 2 potions of magic
 i - 2 potions of berserk rage
 k - a potion of might
Books
 l - an Akashic Record

   Spells                             Type                      Level
   a - Dispersal                      Translocation                6
   b - Malign Gateway                 Summoning/Translocation      7
   c - Disjunction                    Translocation                8
   d - Controlled Blink               Translocation                8
Comestibles
 d - 2 bread rations
 o - 27 royal jellies
 z - 3 chunks of flesh
 B - 6 fruits


   Skills:
 * Level 12.6 Short Blades
 + Level 6.3 Armour
 * Level 15.7 Dodging
 * Level 17.4 Stealth
 * Level 13.6 Spellcasting
 + Level 6.0 Conjurations
 + Level 10.6 Hexes
 + Level 7.8 Charms
 + Level 1.0 Summonings
 + Level 2.2 Translocations
 + Level 6.5 Ice Magic
 - Level 2.2 Invocations


You had 3 spell levels left.
You knew the following spells:

 Your Spells              Type           Power        Failure   Level  Hunger
a - Corona                Hex            ######.      1%          1    None
b - Ensorcelled Hibernat  Hex/Ice        #####.       1%          2    None
c - Confuse               Hex            ######..     1%          3    None
d - Tukima's Dance        Hex            ######..     1%          3    None
e - Dazzling Spray        Conj/Hex       #####...     1%          3    None
f - Searing Ray           Conj           #####.       1%          2    None
g - Fulminant Prism       Conj/Hex       #####.....   1%          4    None
h - Iskenderun's Mystic   Conj           #####...     6%          4    None
i - Iskenderun's Battles  Conj/Chrm      #####...     12%         5    ####...
j - Malign Gateway        Summ/Tloc      ###.......   100%        7    #######


Dungeon Overview and Level Annotations

Branches:
Dungeon (1/1)

Altars:
Cheibriados
Dithmenos
Elyvilon
Fedhas
Gozag
Kikubaaqudgha
Makhleb
Nemelex Xobeh
Okawaru
Qazlal
Ru
Sif Muna
Trog
Vehumet
Xom
Yredelemnul
Zin
The Shining One
Jiyva
Lugonu


Innate Abilities, Weirdness & Mutations

You are tiny and cannot use many weapons and most armour.
You have supernaturally acute eyesight.
You are a herbivore.
You cover ground extremely quickly.
You need consume almost no food.
You have large cloven feet.
Your skin changes colour to match your surroundings (Stealth).
You are frail (-10% HP).


Message History

An ice dragon comes into view.
Casting: Ensorcelled Hibernation
Confirm with . or Enter, or press ? or * to list all spells.
Aiming: Dazzling Spray
Press: ? - help, Shift-Dir - straight line, f - ice dragon
Aim: an ice dragon (moderately wounded, hasn't noticed you, umbra)
The spray of energy misses the ice dragon.
Casting: Dazzling Spray
Confirm with . or Enter, or press ? or * to list all spells.
Aiming: Dazzling Spray
Press: ? - help, Shift-Dir - straight line, f/p - ice dragon
Aim: an ice dragon (moderately wounded, umbra)
The spray of energy hits the ice dragon.
The ice dragon is moderately wounded.
Your shadow mimicks your spell!
The shadow shard hits the ice dragon.
The ice dragon breathes frost at you. The blast of cold hits you!
Ouch! That really hurt!
You die...

♣♣.##.##.%#≈..+#######
♣♣.##.#####...#......#
♣%....##......#♣♣♣._.#
########'###### #####
#.♣♣ #♣.♣ ♣.♣♣ ♣♣.♣
♣@♣♣ ♣.♣ ♣D. ♣♣.♣ ♣.
.♣ .≈ ≈.


You could see an ice dragon.

Vanquished Creatures
  Maud (D)
  2 hydras (D)
  Erolcha (D)
  A death drake (D)
  A spriggan druid (D)
  A lindwurm (D)
  2 spiny frogs (D)
  3 wandering mushrooms (D)
  A komodo dragon (D)
  A queen bee (D)
  2 trapdoor spiders (D)
  A shadow (D)
  2 spriggans (D)
  4 redbacks (D)
  2 hill giants (D)
  A spatial vortex (D)
  A necrophage (D)
  2 two-headed ogres (D)
  2 brain worms (D)
  A water elemental (D)
  32 killer bees (D)
  A scorpion (D)
  An electric eel (D)
  A jelly (D)
  A necromancer (D)
  A wizard (D)
  3 humans (D)
  A kobold demonologist (D)
  An ooze (D)
  3 rats (D)
77 creatures vanquished.

Vanquished Creatures (collateral kills)
  A deep elf priest (D)
  A two-headed ogre (D)
2 creatures vanquished.

Vanquished Creatures (others)
  2 draconian scorchers (D)
  A yaktaur (D)
  5 plants (D)
8 creatures vanquished.

Grand Total: 87 creatures vanquished

Notes
Turn   | Place    | Note
--------------------------------------------------------------
     0 | D        | Kidiri the Spriggan Enchanter began the quest for the Orb.
     0 | D        | Reached XP level 1. HP: 9/9 MP: 5/5
   228 | D        | Killed a white draconian scorcher
   239 | D        | Reached skill level 5 in Stealth
   243 | D        | Killed a white draconian scorcher
   333 | D        | Killed a yaktaur
   348 | D        | Noticed a scorpion
   351 | D        | Killed a scorpion
   351 | D        | Reached skill level 1 in Armour
   351 | D        | Reached skill level 5 in Dodging
   351 | D        | Reached skill level 7 in Stealth
   351 | D        | Reached XP level 2. HP: 13/13 MP: 5/8
   351 | D        | Reached XP level 3. HP: 16/16 MP: 6/10
   363 | D        | Learned a level 2 spell: Ensorcelled Hibernation
   367 | D        | Learned a level 3 spell: Confuse
   371 | D        | Learned a level 3 spell: Dazzling Spray
   397 | D        | Reached XP level 4. HP: 21/21 MP: 8/11
   402 | D        | Learned a level 3 spell: Tukima's Dance
   442 | D        | Reached skill level 5 in Short Blades
   442 | D        | Reached skill level 8 in Dodging
   442 | D        | Reached skill level 9 in Stealth
   442 | D        | Reached skill level 5 in Hexes
   442 | D        | Reached XP level 5. HP: 24/24 MP: 11/15
   445 | D        | Gained mutation: You are partially covered in molten scales (AC +1). [potion of mutation]
   445 | D        | Gained mutation: You are frail (-10% HP). [potion of mutation]
   445 | D        | Gained mutation: Your body sometimes deteriorates upon taking damage. [potion of mutation]
   446 | D        | Lost mutation: You are frail (-10% HP). [potion of cure mutation]
   446 | D        | Lost mutation: Your body sometimes deteriorates upon taking damage. [potion of cure mutation]
   446 | D        | Lost mutation: You are partially covered in molten scales (AC +1). [potion of cure mutation]
   447 | D        | Gained mutation: Your spells are a little easier to cast, but a little less powerful. [potion of mutation]
   447 | D        | Gained mutation: Your spells are easier to cast, but less powerful. [potion of mutation]
   447 | D        | Lost mutation: Your spells are easier to cast, but less powerful. [potion of mutation]
   448 | D        | Lost mutation: Your spells are a little easier to cast, but a little less powerful. [potion of cure mutation]
   449 | D        | Gained mutation: You are frail (-10% HP). [potion of mutation]
   449 | D        | Gained mutation: You have large cloven feet. [potion of mutation]
   449 | D        | Gained mutation: Your skin changes colour to match your surroundings (Stealth). [potion of mutation]
   479 | D        | Noticed a water elemental
   481 | D        | Killed a water elemental
   481 | D        | Reached skill level 10 in Stealth
   491 | D        | Noticed a jelly
   492 | D        | Noticed a shadow
   494 | D        | Killed a shadow
   494 | D        | Reached XP level 6. HP: 25/25 MP: 16/18
   497 | D        | Killed a jelly
   523 | D        | Found a stormy altar of Qazlal.
   524 | D        | Found a sacrificial altar of Ru.
   524 | D        | Found a burning altar of Makhleb.
   524 | D        | Found a viscous altar of Jiyva.
   524 | D        | Found a shimmering altar of Xom.
   524 | D        | Found a shadowy altar of Dithmenos.
   524 | D        | Found a sparkling altar of Nemelex Xobeh.
   524 | D        | Found a corrupted altar of Lugonu.
   524 | D        | Found an opulent altar of Gozag.
   524 | D        | Noticed a spatial vortex
   528 | D        | Became a worshipper of Dithmenos the Shadowed
   546 | D        | Killed a spatial vortex
   546 | D        | Reached skill level 11 in Stealth
   546 | D        | Reached skill level 1 in Invocations
   656 | D        | Found a radiant altar of Vehumet.
   657 | D        | Found a deep blue altar of Sif Muna.
   657 | D        | Found an ancient bone altar of Kikubaaqudgha.
   657 | D        | Noticed a wizard
   658 | D        | Killed a wizard
   658 | D        | Reached XP level 7. HP: 28/28 MP: 20/20
   660 | D        | Reached * piety under Dithmenos
   660 | D        | Reached skill level 10 in Dodging
   696 | D        | Learned a level 2 spell: Searing Ray
   701 | D        | Learned a level 4 spell: Fulminant Prism
   706 | D        | Learned a level 4 spell: Iskenderun's Mystic Blast
   720 | D        | Found a glowing silver altar of Zin.
   721 | D        | Found a glowing golden altar of the Shining One.
   721 | D        | Found a white marble altar of Elyvilon.
   721 | D        | Noticed a deep elf priest
   730 | D        | Killed a deep elf priest
   773 | D        | Found an iron altar of Okawaru.
   774 | D        | Found a bloodstained altar of Trog.
   774 | D        | Noticed a human
   774 | D        | Noticed a human
   776 | D        | Killed a human
   777 | D        | Killed a human
   777 | D        | Reached skill level 12 in Stealth
   798 | D        | Found a snail-covered altar of Cheibriados.
   798 | D        | Noticed a necrophage
   799 | D        | Found a basalt altar of Yredelemnul.
   799 | D        | Found a blossoming altar of Fedhas.
   799 | D        | Noticed a necromancer
   800 | D        | Killed a necrophage
   800 | D        | Reached ** piety under Dithmenos
   800 | D        | Reached XP level 8. HP: 32/32 MP: 22/22
   801 | D        | Killed a necromancer
   854 | D        | Noticed a two-headed ogre
   854 | D        | Noticed a two-headed ogre
   858 | D        | Killed a two-headed ogre
   860 | D        | Killed a two-headed ogre
   865 | D        | Noticed a two-headed ogre
   900 | D        | Killed a two-headed ogre
   900 | D        | Reached *** piety under Dithmenos
  1140 | D        | Noticed a hill giant
  1143 | D        | Killed a hill giant
  1250 | D        | Noticed a hill giant
  1250 | D        | Noticed Erolcha
  1252 | D        | Killed Erolcha
  1252 | D        | Reached skill level 13 in Stealth
  1252 | D        | Reached skill level 10 in Spellcasting
  1252 | D        | Reached XP level 9. HP: 35/35 MP: 22/24
  1253 | D        | Killed a hill giant
  1312 | D        | Learned a level 5 spell: Iskenderun's Battlesphere
  1353 | D        | Noticed a redback
  1355 | D        | Noticed a trapdoor spider
  1358 | D        | Killed a trapdoor spider
  1358 | D        | Reached skill level 1 in Charms
  1370 | D        | Killed a redback
  1370 | D        | Reached **** piety under Dithmenos
  1381 | D        | Noticed a trapdoor spider
  1384 | D        | Killed a trapdoor spider
  1384 | D        | Reached skill level 14 in Stealth
  1478 | D        | Noticed a killer bee
  1478 | D        | Noticed a killer bee
  1478 | D        | Noticed a killer bee
  1479 | D        | Noticed a killer bee
  1479 | D        | Noticed a killer bee
  1479 | D        | Noticed a killer bee
  1479 | D        | Noticed a killer bee
  1479 | D        | Noticed a killer bee
  1479 | D        | Noticed a killer bee
  1479 | D        | Noticed a killer bee
  1479 | D        | Noticed a killer bee
  1479 | D        | Noticed a killer bee
  1479 | D        | Noticed a killer bee
  1479 | D        | Noticed a queen bee
  1479 | D        | Noticed a killer bee
  1479 | D        | Noticed a killer bee
  1479 | D        | Noticed a killer bee
  1479 | D        | Noticed a killer bee
  1479 | D        | Noticed a killer bee
  1479 | D        | Noticed a killer bee
  1479 | D        | Noticed a killer bee
  1479 | D        | Noticed a killer bee
  1479 | D        | Noticed a killer bee
  1479 | D        | Noticed a killer bee
  1479 | D        | Noticed a killer bee
  1479 | D        | Noticed a killer bee
  1479 | D        | Noticed a killer bee
  1479 | D        | Noticed a killer bee
  1479 | D        | Noticed a killer bee
  1479 | D        | Noticed a killer bee
  1479 | D        | Noticed a killer bee
  1479 | D        | Noticed a killer bee
  1479 | D        | Noticed a killer bee
  1482 | D        | Killed a killer bee
  1482 | D        | Reached skill level 10 in Short Blades
  1484 | D        | Killed a killer bee
  1486 | D        | Killed a killer bee
  1490 | D        | Killed a killer bee
  1494 | D        | Killed a killer bee
  1494 | D        | Reached ***** piety under Dithmenos
  1497 | D        | Killed a killer bee
  1499 | D        | Killed a killer bee
  1501 | D        | Killed a killer bee
  1503 | D        | Killed a killer bee
  1505 | D        | Killed a killer bee
  1505 | D        | Reached skill level 5 in Ice Magic
  1507 | D        | Killed a killer bee
  1652 | D        | Killed a killer bee
  1658 | D        | Killed a killer bee
  1662 | D        | Killed a killer bee
  1670 | D        | Killed a killer bee
  1673 | D        | Killed a killer bee
  1676 | D        | Killed a killer bee
  1678 | D        | Killed a killer bee
  1678 | D        | Reached ****** piety under Dithmenos
  1680 | D        | Killed a killer bee
  1799 | D        | Killed a killer bee
  1799 | D        | Reached skill level 5 in Armour
  1803 | D        | Killed a killer bee
  1807 | D        | Killed a killer bee
  1811 | D        | Killed a killer bee
  1813 | D        | Killed a killer bee
  1815 | D        | Killed a killer bee
  1914 | D        | Killed a killer bee
  1921 | D        | Killed a killer bee
  1923 | D        | Killed a killer bee
  1925 | D        | Killed a killer bee
  1927 | D        | Killed a killer bee
  1927 | D        | Reached XP level 10. HP: 39/39 MP: 16/26
  1961 | D        | Killed a queen bee
  1961 | D        | Reached skill level 15 in Stealth
  1978 | D        | Killed a killer bee
  1980 | D        | Killed a killer bee
  2086 | D        | Noticed a wandering mushroom
  2087 | D        | Noticed a wandering mushroom
  2087 | D        | Noticed a wandering mushroom
  2088 | D        | Killed a wandering mushroom
  2090 | D        | Killed a wandering mushroom
  2106 | D        | Killed a wandering mushroom
  2307 | D        | Noticed a spiny frog
  2307 | D        | Noticed a komodo dragon
  2307 | D        | Noticed a spiny frog
  2311 | D        | Killed a spiny frog
  2311 | D        | Reached skill level 5 in Conjurations
  2311 | D        | Reached skill level 5 in Charms
  2314 | D        | Killed a komodo dragon
  2317 | D        | Killed a spiny frog
  2335 | D        | Noticed a redback
  2337 | D        | Killed a redback
  2338 | D        | Noticed a brain worm
  2341 | D        | Killed a brain worm
  2346 | D        | Noticed a brain worm
  2348 | D        | Killed a brain worm
  2354 | D        | Noticed a lindwurm
  2356 | D        | Noticed a redback
  2357 | D        | Killed a lindwurm
  2357 | D        | Reached skill level 16 in Stealth
  2361 | D        | Killed a redback
  2382 | D        | Noticed a redback
  2385 | D        | Killed a redback
  2386 | D        | Noticed Maud
  2388 | D        | Killed Maud
  2388 | D        | Reached skill level 15 in Dodging
  2388 | D        | Reached skill level 10 in Hexes
  2388 | D        | Reached XP level 11. HP: 42/42 MP: 25/29
  2406 | D        | Noticed an electric eel
  2407 | D        | Noticed an eight-headed hydra
  2407 | D        | Noticed an eight-headed hydra
  2409 | D        | Killed an electric eel
  2411 | D        | Killed an eight-headed hydra
  2412 | D        | Killed an eight-headed hydra
  2412 | D        | Reached skill level 17 in Stealth
  2457 | D        | Learned a level 7 spell: Malign Gateway
  2458 | D        | Noticed a death drake
  2460 | D        | Killed a death drake
  2460 | D        | Reached skill level 1 in Translocations
  2482 | D        | Found a blossoming altar of Fedhas.
  2482 | D        | Noticed a spriggan
  2482 | D        | Noticed a spriggan druid
  2482 | D        | Noticed a spriggan
  2484 | D        | Killed a spriggan druid
  2484 | D        | Reached skill level 1 in Summonings
  2485 | D        | Killed a spriggan
  2486 | D        | Killed a spriggan
  2527 | D        | Noticed an ice dragon
  2529 | D        | Killed from afar by an ice dragon

Vault maps used:
D:        dungeon_sprint_mu

Action                   |  1- 3 |  4- 6 |  7- 9 | 10-12 || total
-------------------------+-------+-------+-------+-------++-------
Melee: Dagger            |    17 |    14 |    60 |    25 ||   116
 Cast: Ensorcelled Hiber |     1 |     1 |    49 |     7 ||    58
       Dazzling Spray    |       |     6 |     3 |     6 ||    15
       Tukima's Dance    |       |       |     3 |       ||     3
       Confuse           |       |       |     1 |     1 ||     2
Invok: Shadow Step       |       |       |       |     6 ||     6
  Use: Potion            |       |     6 |       |       ||     6
       Scroll            |       |     3 |       |       ||     3
 Stab: Sleeping          |     4 |     4 |    42 |    20 ||    70
       Invisible         |       |       |     1 |     1 ||     2
